 Dungeon Crawl Stone Soup version 0.14-a0-3481-g7d9f734 (webtiles) character file.

1514 ryw the Fighter (level 8, -1/73 HPs)
             Began as a Demonspawn Monk on Mar 25, 2014.
             Slain by a slave (4 damage)
             ... led by Pikel
             ... on Level 5 of the Dungeon.
             The game lasted 00:15:04 (4873 turns).

ryw the Fighter (Demonspawn Monk)                   Turns: 4873, Time: 00:15:04

HP  -1/73        AC  3     Str 12      XL: 8   Next: 33%
MP   8/8         EV 14     Int 12      God:
Gold 194         SH  0     Dex 17      Spells:  0 memorised,  7 levels left

rFire  . . .     SeeInvis .       - Unarmed
rCold  . . .     Clarity  .     w - +0 robe
rNeg   . . .     Conserve .     (no shield)
rPois  .         rCorr    .     v - +0 helmet (curse)
rElec  .         rRot     .     (no cloak)
SustAb . .       Spirit   .     (no gloves)
rMut   .         Warding  .     (no boots)
Saprov . . .     Stasis   .     (no amulet)
MR     .....                    (no ring)
                                (no ring)

@: drained, not resistant to hostile enchantments, fairly stealthy
A: talons 1, repulsion field 1
a: no special abilities


You were on level 5 of the Dungeon.
You were hungry.

You visited 1 branch of the dungeon, and saw 6 of its levels.

You collected 194 gold pieces.

Inventory:

Hand weapons
 b - a +0 blowgun
 d - a +0,+0 cutlass
 n - a cursed -3,-2 dagger
 q - a +0,+1 mace of crushing
 y - a +0,+0 long sword
 H - a +0,+0 bow
Missiles
 a - 14 sling bullets
 x - 10 poisoned needles
 C - 4 tomahawks (quivered)
 I - 4 arrows of frost
Armour
 v - a cursed +0 helmet (worn)
 w - a +0 robe (worn)
Comestibles
 c - a rambutan
 f - a pear
 g - 2 meat rations
 t - 3 bread rations
 A - a rotting chunk of worker ant flesh
 J - a rotting chunk of adder flesh
Scrolls
 e - a scroll of fear
 h - a scroll of enchant weapon I
 i - 2 scrolls of remove curse {unknown}
 j - a scroll of enchant armour {unknown}
 l - a scroll of recharging {unknown}
 m - a scroll of immolation {unknown}
 r - 2 scrolls of random uselessness {unknown}
 s - 7 scrolls of identify {unknown}
 u - a scroll of blinking {unknown}
 z - a scroll of fog {unknown}
 E - a scroll of amnesia {unknown}
Jewellery
 o - an uncursed amulet of stasis {unknown}
 D - an uncursed ring of magical power {unknown}
Potions
 k - 6 potions of curing {unknown}
 F - a potion of degeneration {unknown}
 G - a potion of restore abilities {unknown}
Books
 p - a book of Power

   Spells                             Type                      Level
   Fulminant Prism                    Conjuration/Hexes            4
   Iskenderun's Mystic Blast          Conjuration                  4
   Venom Bolt                         Conjuration/Poison           5
   Bolt of Magma                      Conjuration/Fire/Earth       5
   Iron Shot                          Conjuration/Earth            6
   Orb of Destruction                 Conjuration                  7


   Skills:
 + Level 10.5(9.6) Fighting
 - Level 2.6(1.9) Dodging
 - Level 1.7(1.0) Stealth
 - Level 3.6(2.8) Unarmed Combat


You had 7 spell levels left.
You didn't know any spells.

Dungeon Overview and Level Annotations

Branches:
Dungeon (6/15)
 Temple: D:4-7

Altars:
Kikubaaqudgha

Shops:
D:4 :

Annotations:
D:5 Pikel
D:6 Grinder


Innate Abilities, Weirdness & Mutations

You have sharp toenails.
You are surrounded by a mild repulsion field (EV +2).


Message History

The wight hits you but does no damage.
You hit the wight.
You destroy the wight!
The wight closely misses you.
A wight comes into view. It is wielding a scimitar.
The wight hits you with a spear.
* * * LOW HITPOINT WARNING * * *
Things that are here:
a dagger; a robe; a dire flail; a robe The wight hits you from afar with a spear!
* * * LOW HITPOINT WARNING * * *
You feel drained.
* * * LOW HITPOINT WARNING * * *
There is a stone staircase leading up here.
The wight hits you from afar with a spear.
* * * LOW HITPOINT WARNING * * *
You climb upwards.
Level annotation: Pikel The slave hits you.
You die...

#.# #.# #......<...# ##.#
###.######.######.#########...
##...........# #...........#.
#....######.## ##..######....
#..################..######.#..
#....%......................#.#
###...########.#######.########.#
...............@.......# #..
.##..#####.@...K@......# #.#
.##............#######.##### #.#
.##.######.##..# #.<.....# #.#
.##%# #.##..# #.#####.# #..
.##.## #.##..### #.# #.# #..
.##..#####.##....# #.# #.####.#
.###..........##. #.# #[...... .#
#..####.#### . #.#####.###..#
.###..####.#####.###.......# #.##


You could see Pikel and 2 slaves.

Vanquished Creatures
  Eustachio (D:3)
  A black bear (D:4)
  A centaur (D:5)
  4 ogres
  Blork the orc (D:4)
  3 scorpions
  2 wights (D:6)
  2 goliath beetles
  A crimson imp (D:5)
  An orc wizard (D:3)
  Natasha (D:6)
  2 worker ants
  2 shadow imps
  7 adders
  A white imp (D:3)
  An ufetubus (D:3)
  2 giant geckos
  9 orcs
  A ball python (D:4)
  11 bats
  6 giant cockroaches
  18 hobgoblins
  8 jackals
  5 giant newts
  4 goblins
  13 kobolds
  An orc skeleton (D:4)
  8 rats
117 creatures vanquished.

Vanquished Creatures (others)
  An orc (D:3)
  A plant (D:4)
2 creatures vanquished.

Grand Total: 119 creatures vanquished

Notes
Turn   | Place    | Note
--------------------------------------------------------------
     0 | D:1      | ryw, the Demonspawn Monk, began the quest for the Orb.
     0 | D:1      | Reached XP level 1. HP: 18/18 MP: 1/1
   359 | D:1      | Gained mutation: You are surrounded by a mild repulsion field (EV +2). [demonic ancestry]
   359 | D:1      | Reached XP level 2. HP: 14/24 MP: 2/2
   677 | D:1      | Reached skill level 4 in Fighting
   978 | D:1      | Reached XP level 3. HP: 28/30 MP: 3/3
  1865 | D:3      | Reached XP level 4. HP: 36/38 MP: 4/4
  1904 | D:3      | Reached skill level 5 in Fighting
  2523 | D:3      | Gained mutation: You have sharp toenails. [demonic ancestry]
  2523 | D:3      | Reached XP level 5. HP: 44/46 MP: 5/5
  2675 | D:4      | Noticed an ogre
  2694 | D:4      | Noticed Blork the orc
  2785 | D:4      | Noticed a black bear
  2811 | D:4      | Killed a black bear
  2811 | D:4      | Reached skill level 6 in Fighting
  3144 | D:4      | Found an ancient bone altar of Kikubaaqudgha.
  3167 | D:4      | Reached XP level 6. HP: 21/53 MP: 6/6
  3182 | D:4      | Killed an ogre
  3182 | D:4      | Reached skill level 7 in Fighting
  3388 | D:4      | Noticed Eustachio
  3533 | D:3      | Killed Eustachio
  3648 | D:4      | Reached skill level 8 in Fighting
  3648 | D:4      | Reached XP level 7. HP: 62/62 MP: 7/7
  3683 | D:4      | Killed Blork the orc
  3761 | D:4      | Noticed an ogre
  3811 | D:4      | Killed an ogre
  3822 | D:4      | Noticed an ogre
  3860 | D:4      | Killed an ogre
  3860 | D:4      | Reached skill level 9 in Fighting
  3993 | D:4      | Found Inuudoam's Book Emporium.
  4011 | D:4      | Noticed an ice beast
  4018 | D:5      | Entered Level 5 of the Dungeon
  4192 | D:5      | Reached XP level 8. HP: 70/72 MP: 8/8
  4315 | D:5      | Reached skill level 10 in Fighting
  4383 | D:5      | Noticed Pikel
  4617 | D:6      | Noticed Natasha
  4748 | D:6      | Noticed Grinder
  4758 | D:6      | Killed Natasha
  4865 | D:6      | HP: 2/73 [wight/spear (2)]
  4872 | D:6      | HP: 3/73 [wight/spear (1)]
  4873 | D:5      | Slain by a slave

Action                   |  1- 3 |  4- 6 |  7- 9 || total
-------------------------+-------+-------+-------++-------
Melee: Unarmed           |   209 |   129 |   127 ||   465
 Fire: Blowgun           |       |    22 |    46 ||    68
Throw: Tomahawk          |       |       |     3 ||     3
  Use: Scroll            |       |     2 |       ||     2
       Potion            |       |     2 |       ||     2
 Stab: Sleeping          |     3 |     3 |     1 ||     7
